 Dungeon Crawl Stone Soup version 0.27.0-1-g7a089689b8 (webtiles) character file.

Game seed: 11672211908318400023

2919 hawla the Reanimator (level 9, -2/55 HPs)
             Began as a Deep Elf Necromancer on Aug 4, 2021.
             Was a Believer of Vehumet.
             Slain by a yak (11 damage)
             ... on level 8 of the Dungeon.
             The game lasted 00:25:26 (10045 turns).

hawla the Reanimator (Deep Elf Necromancer)        Turns: 10045, Time: 00:25:26

Health: -2/55      AC:  4    Str:  5    XL:     9   Next: 50%
Magic:  4/24       EV: 15    Int: 24    God:    Vehumet [**....]
Gold:   818        SH:  0    Dex: 15    Spells: 13/27 levels left

rFire    . . .     SeeInvis .   k - +2 dagger (holy)
rCold    . . .     Faith    .   (no shield)
rNeg     . . .     Spirit   .   a - +0 robe
rPois    .         Reflect  .   (helmet restricted)
rElec    .         Harm     .   i - +0 cloak
rCorr    .         Rampage  .   (no gloves)
Will     .....                  j - +0 pair of boots
Stlth    +++.......             (no amulet)
HPRegen  0.18/turn              h - +4 ring of slaying
MPRegen  0.19/turn              o - ring of wizardry

@: about to teleport
A: beak, robust 1, subdued magic 1
a: Renounce Religion


You were on level 8 of the Dungeon.
You worshipped Vehumet.
Vehumet was pleased with you.
You visited 2 branches of the dungeon, and saw 9 of its levels.

You collected 986 gold pieces.
You spent 168 gold pieces at shops.

Inventory:

Hand Weapons
 k - a +2 dagger of holy wrath (weapon)
Missiles
 c - 7 javelins (quivered)
 t - 19 poisoned darts
Armour
 a - a +0 robe (worn)
 i - a +0 cloak (worn)
 j - a +0 pair of boots (worn)
Magical Staves
 v - a staff of death
Jewellery
 d - a ring of protection from fire
 h - a +4 ring of slaying (left hand)
 o - a ring of wizardry (right hand)
 p - a ring of ice
Wands
 q - a wand of flame (22)
Scrolls
 e - a scroll of silence
 f - a scroll of teleportation
 l - a scroll of amnesia
 n - a scroll of vulnerability {unknown}
 r - a scroll of noise {unknown}
 s - a scroll of enchant armour {unknown}
 u - a scroll of fear {unknown}
Potions
 b - a potion of brilliance
 g - 2 potions of curing
 m - 2 potions of resistance


   Skills:
 + Level 3.0 Fighting
 + Level 3.1 Short Blades
 + Level 0.3 Staves
 + Level 1.5 Throwing
 + Level 7.0 Dodging
 + Level 4.0 Stealth
 + Level 9.7 Spellcasting
 + Level 0.8 Conjurations
 + Level 10.0 Necromancy
 + Level 1.0 Earth Magic


You had 13 spell levels left.
You knew the following spells:

 Your Spells              Type           Power      Damage    Failure   Level
a - Pain                  Necr           100%       1d9       1%          1
b - Vampiric Draining     Necr           23%        2d9       1%          3
c - Animate Dead          Necr           23%        N/A       1%          4
d - Borgnjor's Vile Clut  Necr/Erth      14%        N/A       5%          5
e - Magic Dart            Conj           48%        1d5       1%          1

Your spell library contained the following spells:

 Spells                   Type           Power      Damage    Failure   Level
 Poisonous Vapours        Pois/Air       18%        N/A       2%          2
 Animate Skeleton         Necr           92%        N/A       1%          1
 Agony                    Necr           46%        N/A       1%          5
 Call Imp                 Summ           9%         N/A       2%          2
 Slow                     Hex            9%         N/A       2%          2
 Mephitic Cloud           Conj/Pois/Air  10%        N/A       4%          3
 Death Channel            Necr           23%        N/A       4%          6
 Confusing Touch          Hex            9%         N/A       5%          3


Dungeon Overview and Level Annotations

Branches:
Dungeon (8/15)             Temple (1/1) D:4
   Lair: D:8-11

Altars:
Ashenzari
Cheibriados
Dithmenos
Elyvilon
Fedhas
Gozag
Hepliaklqana
Kikubaaqudgha
Makhleb
Nemelex Xobeh
Okawaru
Qazlal
Ru
Sif Muna
Trog
Uskayaw
Vehumet
Wu Jian
Xom
Yredelemnul
Zin
The Shining One

Shops:
D:2 *


Innate Abilities, Weirdness & Mutations

You have a beak for a mouth.
You are robust. (+10% HP)
Your spells are a little easier to cast, but a little less powerful.


Message History

Casting: Vampiric Draining (safe; 1% risk of failure)
Confirm with . or Enter, or press ? or * to list all spells.
The spell is quite dangerous to cast (6% risk of failure)!
Continue anyway?
Aiming: Borgnjor's Vile Clutch (quite dangerous; 6% risk of failure)
Press: ? - help, Shift-Dir - straight line, f - yak, p - yak
Aim: a yak (heavily wounded, 100% to hit)
Zombie hands grab the yak. x3
The zombie hands constrict the yak!
The zombie hands constrict the yak.
You kill the yak!
Vehumet accepts your kill.
The zombie hands constrict the yak.
The yak gores you!
* * * LOW HITPOINT WARNING * * *
The yak gores you.
* * * LOW HITPOINT WARNING * * *
The yak gores your bullfrog zombie!
Your bullfrog zombie hits the yak.
The yak struggles to escape constriction.
You feel better.
The zombie hands constrict the yak.
You kill the yak!
Vehumet accepts your kill.
You feel your power returning.
The zombie hands constrict the yak!
Your bullfrog zombie hits the yak but does no damage.
The yak gores you.
* * * LOW HITPOINT WARNING * * *
The yak misses you. The yak gores your bullfrog zombie!
Your bullfrog zombie is destroyed!
Your Fighting skill increases to level 3!
Your Short Blades skill increases to level 3!
Your Stealth skill increases to level 4!
The zombie hands constrict the yak!
You kill the yak!
Vehumet accepts your kill. The yak completely misses you.
Your Dodging skill increases to level 7!
Your Necromancy skill increases to level 10!
Your Earth Magic skill increases to level 1!
As you read the scroll of teleportation, it crumbles to dust.
You feel strangely unstable. The yak gores you.
* * * LOW HITPOINT WARNING * * *
The yak gores you!
You die...

#.# ..#....# #.#
>#....#.# #.#
.....#.## #.###.#
#....#.....#.#...#
#....#.##..#.#...#
......##..#.#...# .
#....##..#.#...##
..####.@.###..#.#..<.#
......YY...#..#.#....#
#......†...#..#......#
######.†...#.....:.###
#.†...##.###..#
#...)....# #..#
######...#.#..# #..#
.........#.#### #..#
######..##.........#


You could see 2 yaks.

Vanquished Creatures
  A troll (D:7)
  3 yaks (D:8)
  A sky beast (D:6)
  A black bear (D:6)
  An ice beast (D:7)
  2 orc warriors (D:6)
  A hornet zombie (D:8)
  An ogre (D:7)
  A centaur (D:7)
  3 phantoms
  2 bullfrogs
  6 scorpions
  A wyvern skeleton (D:7)
  2 howler monkeys
  2 bullfrog zombies
  A centaur zombie (D:7)
  2 hounds
  3 orc priests (D:6)
  2 jellies
  2 centaur skeletons
  2 iguanas
  An orc wizard (D:6)
  A hound skeleton (D:5)
  7 gnolls
  4 adders
  2 white imps (D:6)
  An ufetubus (D:6)
  2 adder skeletons (D:4)
  4 dart slugs
  11 orcs
  10 ball pythons
  5 endoplasms
  6 giant cockroaches
  4 goblins (D:1)
  4 hobgoblins
  7 jackals
  2 quokkas
  2 bats
  A frilled lizard (D:3)
  A jackal skeleton (D:4)
  4 kobolds
  4 rats
123 creatures vanquished.

Vanquished Creatures (collateral kills)
  3 howler monkeys (D:7)
  A jelly (D:7)
  2 orcs (D:6)
6 creatures vanquished.

Grand Total: 129 creatures vanquished

Notes
Turn   | Place    | Note
-------+----------+-------------------------------------------
     0 | D:1      | hawla the Deep Elf Necromancer began the quest for the Orb.
     0 | D:1      | Reached XP level 1. HP: 10/10 MP: 6/6
   513 | D:1      | Reached XP level 2. HP: 13/16 MP: 5/8
   740 | D:1      | Reached skill level 5 in Necromancy
  1640 | D:1      | Reached XP level 3. HP: 13/20 MP: 2/10
  1644 | D:1      | Learned a level 3 spell: Vampiric Draining
  2096 | D:2      | Reached skill level 1 in Fighting
  2116 | D:2      | Found Bioschy's General Store.
  2167 | D:2      | Found a faded altar of an unknown god.
  2504 | D:3      | Identified a scroll of acquirement
  2504 | D:3      | Acquired 621 gold pieces
  2529 | D:2      | Bought a scroll of teleportation for 42 gold pieces
  2529 | D:2      | Bought a potion of brilliance for 56 gold pieces
  2529 | D:2      | Bought a potion of heal wounds for 70 gold pieces
  2579 | D:3      | Reached XP level 4. HP: 22/25 MP: 9/12
  2584 | D:3      | Learned a level 4 spell: Animate Dead
  2820 | D:3      | Reached skill level 1 in Throwing
  3458 | D:4      | Found a staircase to the Ecumenical Temple.
  3467 | Temple   | Entered the Ecumenical Temple
  3630 | Temple   | Became a worshipper of Vehumet
  4063 | D:4      | Noticed a scorpion
  4072 | D:4      | Killed a scorpion
  4073 | D:4      | Reached XP level 5. HP: 15/30 MP: 0/13
  4594 | D:4      | Reached skill level 6 in Necromancy
  5033 | D:4      | Reached XP level 6. HP: 31/35 MP: 9/14
  5339 | D:5      | Entered Level 5 of the Dungeon
  5438 | D:5      | Reached skill level 7 in Necromancy
  5597 | D:5      | Learned a level 5 spell: Borgnjor's Vile Clutch
  5748 | D:5      | Reached * piety under Vehumet
  5748 | D:5      | Offered knowledge of Magic Dart by Vehumet.
  5749 | D:5      | Reached XP level 7. HP: 32/40 MP: 14/16
  5848 | D:5      | Learned a level 1 spell: Magic Dart
  5862 | D:5      | Reached skill level 5 in Spellcasting
  6320 | D:5      | Reached skill level 1 in Short Blades
  6721 | D:6      | Reached skill level 5 in Dodging
  6854 | D:6      | Reached skill level 8 in Necromancy
  7088 | D:6      | Reached XP level 8. HP: 22/44 MP: 16/19
  7096 | D:6      | Gained mutation: You are robust. (+10% HP) [potion of
                  | mutation]
  7096 | D:6      | Gained mutation: Your spells are a little easier to cast,
                  | but a little less powerful. [potion of mutation]
  7096 | D:6      | Gained mutation: You have a beak for a mouth. [potion of
                  | mutation]
  7107 | D:6      | Noticed a gargoyle
  8098 | D:6      | Found an opulent altar of Gozag.
  8221 | D:6      | Reached skill level 9 in Necromancy
  8723 | D:7      | Noticed a troll
  8731 | D:7      | Killed a troll
  8741 | D:7      | Reached XP level 9. HP: 31/53 MP: 0/23
  9155 | D:7      | Offered knowledge of Poisonous Vapours by Vehumet.
  9330 | D:7      | Reached ** piety under Vehumet
 10045 | D:8      | Reached skill level 10 in Necromancy
 10045 | D:8      | Reached skill level 1 in Earth Magic
 10045 | D:8      | Slain by a yak

Illustrated notes

Levels and vault maps discovered:
D:1:      lightli_arrival_maybe_door_vault, layout_basic
D:2:      layout_basic, serial_shops, nicolae_shop_behind_doors,
          chequers_ecumenical_altar_simple_redux
D:3:      layout_basic, serial_bayou_pond_a
D:4:      kennysheep_six_static_rooms, layout_basic,
          minmay_temple_entry_statues_pillars
D:5:      layout_basic, minmay_misc_feat_rugged
D:6:      layout_cave_pools, nicolae_gozag_cash_rules_everything_around_me,
          kennysheep_potato
D:7:      layout_loops_corners
D:8:      layout_basic, lair_entry_dummy
Temple:   kilobyte_greek_temple

Skill      XL: |  1  2  3  4  5  6  7  8  9 |
---------------+----------------------------+-----
Necromancy     | 5 6 7 8 9 10 | 10.0
Stealth        | 3 4 |  4.0
Dodging        | 3 4 5 7 |  7.0
Fighting       | 1 2 3 |  3.0
Spellcasting   | 4 6 8 9 |  9.7
Throwing       | 1 |  1.5
Short Blades   | 1 2 3 |  3.1
Earth Magic    | 1 |  1.0
Staves         | |  0.3
Conjurations   | |  0.8

Action                   |  1- 3 |  4- 6 |  7- 9 || total
-------------------------+-------+-------+-------++-------
Melee: Dagger            |       |    48 |    95 ||   143
       Staff             |       |    13 |     6 ||    19
       Peck              |       |       |    17 ||    17
Throw: Javelin           |       |       |    12 ||    12
 Cast: Pain              |    62 |    61 |    22 ||   145
       Vampiric Draining |     1 |     6 |    41 ||    48
       Animate Dead      |       |     2 |     4 ||     6
       Magic Dart        |       |       |    15 ||    15
       Borgnjor's Vile C |       |       |     6 ||     6
  Use: Scroll            |     9 |     3 |     7 ||    19
       Potion            |       |     1 |     7 ||     8
 Stab: Sleeping          |       |     4 |     2 ||     6
Armor: Robe              |     2 |    16 |    29 ||    47
Dodge: Dodged            |    15 |    63 |   116 ||   194
